Map: [ESL] NeoHumanity

Players

Spatz

  • Race: Protoss Protoss
  • Spawn Location: 11:00

Serral - Winner!

  • Race: Zerg Zerg
  • Spawn Location: 5:00

Event: ESL SC2 Masters 2023 Summer (Regionals)

VOD

Have the link to the VOD?

Description

Time

  • Played on: May 2, 2023, 9:22 a.m.
  • Length: 8:09

All games in this series

Show
View Real Time Build Order
Export as new Build Order

Spatz Protoss 

Build Orders: 1 Gate Expand, Oracle Opening 

Get SALT Encoding   

  12  0:00  Probe  
  13  0:13  Pylon  
  13  0:17  Probe (Chrono Boost)  
  14  0:27  Probe (Chrono Boost)  
  15  0:32  Probe (Chrono Boost)  
  16  0:39  Gateway  
  16  0:43  Probe  
  16  0:48  Assimilator  
  17  0:56  Probe  
  18  1:08  Probe  
  19  1:20  Probe  
  20  1:26  Nexus  
  20  1:37  Cybernetics Core  
  20  1:41  Probe  
  21  1:47  Assimilator  
  21  1:54  Pylon  
  21  1:57  Probe  
  22  2:09  Probe (Chrono Boost)  
  22  2:11  Adept (Chrono Boost)  
  25  2:21  Stargate  
  25  2:22  Probe (Chrono Boost)  
  26  2:28  Probe (Chrono Boost)  
  27  2:31  Pylon  
  27  2:36  Probe  
  28  2:41  Adept (Chrono Boost)  
  30  2:50  Probe  
  31  3:00  Probe (Chrono Boost)  
  31  3:03  Probe (Chrono Boost)  
  33  3:07  Oracle (Chrono Boost)  
  33  3:12  Probe (Chrono Boost)  
  37  3:19  Warp Gate  
  38  3:20  Probe (Chrono Boost)  
  38  3:21  Probe (Chrono Boost)  
  38  3:26  Probe x2  
  40  3:31  Pylon  
  40  3:38  Probe x2  
  42  3:41  Oracle (Chrono Boost)  
  45  3:50  Probe x2  
  45  4:00  Pylon  
  45  4:02  Probe  
  44  4:03  Probe  
  44  4:08  Gateway  
  44  4:09  Twilight Council  
  45  4:11  Shield Battery  
  45  4:14  Probe, Adept (Chrono Boost)  
  45  4:15  Probe  
  49  4:27  Probe x2  
  49  4:29  Assimilator  
  51  4:32  Forge  
  51  4:39  Probe x2  
  53  4:48  Pylon  
  53  4:51  Probe  
  54  4:57  Nexus, Blink (Chrono Boost)  
  54  5:00  Pylon  
  54  5:07  Gateway  
  54  5:08  Gateway, Protoss Ground Weapons Level 1 (Chrono Boost)  
  54  5:10  Pylon  
  54  5:18  Probe x2  
  54  5:20  Adept x2  
  60  5:25  Shield Battery  
  60  5:30  Probe, Gateway  
  60  5:31  Gateway  
  60  5:32  Probe  
  62  5:36  Pylon  
  62  5:42  Probe  
  63  5:43  Stalker x2  
  63  5:49  Robotics Facility  
  67  5:51  Probe  
  67  5:55  Probe, Pylon  
  69  6:00  Assimilator  
  69  6:03  Probe  
  70  6:08  Probe  
  70  6:09  Probe  
  69  6:13  Assimilator  
  69  6:14  Assimilator  
  69  6:15  Probe  
  70  6:20  Probe, Stalker  
  70  6:22  Probe  
  74  6:27  Probe  
  74  6:32  Probe  
  76  6:34  Probe  
  76  6:38  Pylon  
  76  6:39  Probe  
  78  6:41  Robotics Facility, Robotics Bay  
  78  6:44  Probe  
  78  6:45  Pylon, Stalker x3  
  78  6:46  Probe  
  86  6:48  Observer (Chrono Boost)  
  86  6:51  Probe, Pylon  
  86  6:54  Pylon  
  88  7:13  Stalker x2  
  92  7:16  Stalker x2  
  92  7:18  Pylon  
  92  7:20  Stalker x2  
  96  7:27  Disruptor x2 (Chrono Boost)  
  73  7:37  Stalker x2  
  73  7:38  Probe  
  73  7:41  Stalker x2  
  75  7:44  Stalker x2  
  71  8:06  Zealot x4  
Show
View Real Time Build Order
Export as new Build Order

Serral Zerg - Winner!

Build Orders: Hatch First 

Get SALT Encoding   

  12  0:00  Drone  
  13  0:12  Overlord  
  13  0:16  Drone  
  14  0:30  Drone  
  14  0:31  Drone  
  16  0:45  Drone  
  17  0:52  Hatchery  
  17  0:54  Drone  
  17  0:58  Drone  
  18  1:08  Extractor  
  17  1:13  Spawning Pool  
  17  1:15  Drone  
  17  1:19  Drone  
  18  1:27  Drone  
  19  1:38  Drone  
  20  1:49  Overlord  
  20  1:59  Queen  
  22  2:03  Queen  
  22  2:04  Zergling x4  
  26  2:09  Metabolic Boost  
  26  2:11  Drone  
  26  2:14  Drone  
  28  2:21  Drone  
  29  2:25  Drone  
  30  2:39  Drone x2  
  30  2:40  Queen  
  30  2:43  Overlord  
  34  2:51  Hatchery  
  34  2:54  Zergling x2  
  33  3:00  Drone  
  33  3:01  Drone  
  34  3:08  Queen  
  34  3:09  Drone  
  34  3:12  Drone x2  
  39  3:19  Drone  
  39  3:23  Spore Crawler  
  39  3:26  Overlord  
  38  3:28  Zergling x4  
  38  3:31  Queen  
  38  3:32  Drone  
  43  3:36  Overlord  
  43  3:39  Overlord  
  43  3:50  Zergling x4  
  43  3:51  Drone  
  43  3:52  Drone x3  
  47  3:56  Drone x2  
  47  3:59  Drone  
  47  4:02  Drone  
  51  4:05  Zergling x2  
  51  4:08  Zergling x2  
  52  4:12  Queen  
  52  4:14  Drone x2  
  55  4:19  Drone  
  56  4:24  Zergling x2  
  56  4:26  Drone  
  56  4:29  Drone x3  
  61  4:33  Spore Crawler  
  61  4:34  Overlord  
  61  4:35  Drone x2  
  62  4:41  Drone  
  62  4:44  Drone  
  64  4:48  Drone  
  64  4:51  Roach Warren  
  64  4:52  Lair  
  64  4:53  Drone  
  64  4:55  Extractor  
  64  4:57  Drone x2  
  66  5:01  Drone x3  
  69  5:08  Extractor, Drone x2  
  70  5:14  Hatchery, Drone x5  
  70  5:15  Drone  
  70  5:18  Drone  
  70  5:19  Drone  
  70  5:20  Drone  
  77  5:26  Evolution Chamber  
  77  5:27  Drone  
  77  5:28  Extractor  
  76  5:35  Drone x3  
  78  5:38  Overlord x2  
  78  5:42  Overlord  
  79  5:45  Drone  
  79  5:46  Drone  
  79  5:47  Extractor, Overlord x2  
  79  5:48  Overlord x2  
  79  5:49  Glial Reconstitution  
  80  5:55  Zerg Missile Weapons Level 1  
  80  6:02  Unknown  
  80  6:03  Roach x2  
  80  6:04  Roach x6  
  92  6:11  Drone  
  92  6:12  Drone x2  
  92  6:16  Roach x3  
  101  6:24  Roach  
  103  6:28  Overlord  
  103  6:29  Roach  
  103  6:30  Roach x4  
  113  6:36  Roach x4  
  121  6:40  Overlord  
  121  6:43  Roach x4  
  121  6:44  Overseer  
  129  6:49  Ravager x2  
  129  6:50  Zergling x8  
  135  6:55  Ravager x2  
  135  6:58  Roach x2, Zergling x4  
  143  7:02  Roach x2, Zergling x2  
  143  7:06  Zergling x6  
  151  7:11  Zergling x8  
  151  7:15  Ravager x3  
  157  7:23  Roach  
  157  7:24  Overlord x4  
  157  7:28  Zergling x2  
  157  7:29  Roach, Zergling x4  
  160  7:33  Roach x2  
  155  7:39  Roach x3  
  157  7:45  Roach x4  
  157  7:50  Zergling x2  
  166  7:51  Zergling x2  
Tags
 
Add a new tag
Caveats
  • Supply blocks, unpowered buildings, or Contaminate may cause inaccurate times.
  • Supply counts are checked every 10 seconds.